 Dungeon Crawl Stone Soup version 0.19-a0-1613-g7c9bbd0 (webtiles) character file.

8536 DeloreanTremens the Cleaver (level 11, -7/102 HPs)
             Began as a Minotaur Berserker on Sept 18, 2016.
             Was an Elder of Trog.
             Mangled by an 11-headed hydra (11 damage)
             ... on level 2 of the Lair of Beasts.
             The game lasted 00:44:48 (7954 turns).

DeloreanTremens the Cleaver (Minotaur Berserker)    Turns: 7954, Time: 00:44:48

Health: -7/102     AC: 20    Str: 22    XL:     11   Next: 11%
Magic:  10/10      EV:  9    Int:  7    God:    Trog [****..]
Gold:   467        SH:  0    Dex: 13    Spells: 0 memorised, 10 levels left

rFire  . . .     SeeInvis .     E - +4 hand axe
rCold  + . .     Gourm    .     n - +0 chain mail
rNeg   . . .     Faith    .     (no shield)
rPois  .         Spirit   .     (helmet restricted)
rElec  .         Dismiss  .     r - +2 cloak
rCorr  .         Reflect  .     o - +0 pair of gloves
MR     .....     Harm     .     s - +2 pair of boots
Stlth  ..........               (no amulet)
                                i - ring of protection from cold
                                x - +3 ring of intelligence

@: exhausted, hasted and slowed
A: retaliatory headbutt, horns 2
a: Berserk, Trog's Hand, Brothers in Arms, Burn Spellbooks, Renounce Religion


You were on level 2 of the Lair of Beasts.
You worshipped Trog.
Trog was greatly pleased with you.
You were very hungry.

You visited 2 branches of the dungeon, and saw 10 of its levels.

You collected 467 gold pieces.

Inventory:

Hand Weapons
 E - a +4 hand axe (weapon)
Missiles
 f - 7 javelins (quivered)
 y - 4 throwing nets
Armour
 n - a +0 chain mail (worn)
 o - a +0 pair of gloves (worn)
 r - a +2 cloak (worn)
 s - a +2 pair of boots (worn)
 R - the +1 ring mail of the Heavens {MR+ Str+3, unknown}
   (You found it on level 1 of the Lair of Beasts)

   It affects your strength (+3).
   It affects your resistance to hostile enchantments.
Jewellery
 i - a ring of protection from cold (right hand)
 w - an uncursed ring of positive energy {unknown}
 x - a +3 ring of intelligence (left hand)
 S - the amulet "Qelyofin" {RegenMP -Tele rPois Int+8 Dex+4, unknown}
   (You found it on level 2 of the Lair of Beasts)

   [amulet of magic regeneration]

   It increases your magic regeneration.
   It affects your intelligence (+8).
   It affects your dexterity (+4).
   It protects you from poison.
   It prevents most forms of teleportation.
Wands
 a - a wand of acid (0/15)
 e - a wand of acid (0/15)
 j - a wand of paralysis (3/24)
 C - a wand of confusion (26/48)
 J - a wand of acid (0/15)
 N - a wand of paralysis (13/24)
Scrolls
 b - a scroll of brand weapon {unknown}
 q - a scroll of random uselessness {unknown}
 D - a scroll of fear {unknown}
 F - a scroll of fog
 G - a scroll of magic mapping
 H - a scroll of enchant weapon {unknown}
 K - a scroll of summoning {unknown}
 L - a scroll of enchant armour {unknown}
 O - a scroll of recharging {unknown}
Potions
 g - 2 potions of haste
 h - a potion of might
 k - 3 potions of flight
 m - a potion of brilliance {unknown}
 p - a potion of berserk rage {unknown}
 t - a potion of magic {unknown}
 z - a potion of heal wounds {unknown}
 A - a potion of resistance {unknown}
 B - a potion of curing {unknown}
 I - a potion of lignification {unknown}
 M - a potion of mutation {unknown}
Comestibles
 c - 10 bread rations
 d - 10 meat rations
 l - a slice of pizza
 u - 5 fruits
 v - a royal jelly
 P - 4 chunks of flesh
 Q - a beef jerky


   Skills:
 + Level 11.1 Fighting
 + Level 13.9 Axes
 + Level 10.9 Armour
 - Level 2.1 Dodging


You had 10 spell levels left.
You didn't know any spells.

Dungeon Overview and Level Annotations

Branches:
Dungeon (10/15)              Lair (2/6) D:9
 Temple: D:4-7        Swamp: Lair:2-4    Shoals: Lair:2-4     Snake: Lair:2-4
 Spider: Lair:2-4       Orc: D:9-12

Altars:


Innate Abilities, Weirdness & Mutations

You reflexively headbutt those who attack you in melee.
You have a pair of horns on your head.


Message History

The 11-headed hydra bites you but does no damage.
The 11-headed hydra completely misses you.
The 11-headed hydra bites you!
* * * LOW HITPOINT WARNING * * *
The 11-headed hydra bites you.
* * * LOW HITPOINT WARNING * * *
The 11-headed hydra bites you but does no damage. x2
The 11-headed hydra bites you.
* * * LOW HITPOINT WARNING * * *
The 11-headed hydra closely misses you.
The 11-headed hydra completely misses you.
The 11-headed hydra bites you!
* * * LOW HITPOINT WARNING * * *
The 11-headed hydra bites you.
* * * LOW HITPOINT WARNING * * *
The 11-headed hydra closely misses you. You furiously retaliate!
You headbutt the 11-headed hydra.
The 11-headed hydra bites you but does no damage. x5
The 11-headed hydra bites you!
You die...

#.F.........## ...
#F?..#........##...
##....##.♣.##.......#
#....###(...# ...#..
##)... #.....# ...# #
#.>.♣ #..<..###♣.>#.#
#... #.......#......
##..###.....##.......
#...@.##.♣.###.......
###..D#....##...#....
#.............#P...
###..........#.P.#.
##.......##......
##.r...#.##.....
.#.♣.#..# .....
.#..+#..# # ... #.


You could see a 11-headed hydra and a river rat.

Vanquished Creatures
  The ghost of tbh1313 the Bludgeoner, a novice OgGl of Okawaru (D:9)
  A gargoyle (D:7)
  2 trolls (D:9)
  4 blink frogs
  6 hippogriffs
  2 hungry ghosts
  Edmund (D:6)
  A water moccasin (D:9)
  2 porcupines
  2 ice beasts (D:10)
  An orc warrior (D:8)
  3 sky beasts
  2 phantoms (D:10)
  A black bear (D:10)
  3 ogres
  7 centaurs
  6 wolves (Lair:1)
  2 crocodiles (Lair:1)
  3 big kobolds
  7 bullfrogs
  A wyvern zombie (D:7)
  2 scorpions (D:8)
  4 wights (D:7)
  A howler monkey (D:9)
  A crimson imp (D:10)
  A centaur zombie (D:7)
  A quasit (D:7)
  2 hounds
  2 jellies
  3 orc priests
  3 orc wizards (D:3)
  2 iguanas
  6 worker ants
  10 adders
  2 shadow imps
  An ooze (D:6)
  An adder skeleton (D:6)
  A worm (D:3)
  A dart slug (D:1)
  4 leopard geckos
  27 orcs
  A ball python (D:3)
  3 bats
  3 giant cockroaches
  10 goblins
  4 hobgoblins
  6 jackals
  25 kobolds
  5 quokkas
  A frilled lizard (D:2)
  2 quokka zombies
  4 rats
  2 plants (D:9)
199 creatures vanquished.

Vanquished Creatures (collateral kills)
  A hydra (Lair:1)
  A spiny frog (Lair:1)
2 creatures vanquished.

Vanquished Creatures (others)
  2 plants
2 creatures vanquished.

Grand Total: 203 creatures vanquished

Notes
Turn   | Place    | Note
-------+----------+-------------------------------------------
     0 | D:1      | DeloreanTremens the Minotaur Berserker began the quest for the Orb.
     0 | D:1      | Reached XP level 1. HP: 19/19 MP: 0/0
   228 | D:1      | Reached XP level 2. HP: 26/27 MP: 1/1
   349 | D:1      | Reached skill level 4 in Axes
   683 | D:2      | Reached XP level 3. HP: 32/33 MP: 2/2
  1217 | D:3      | Reached XP level 4. HP: 41/41 MP: 3/3
  1218 | D:3      | Reached ** piety under Trog
  1221 | D:3      | Reached skill level 5 in Axes
  1296 | D:3      | Reached XP level 5. HP: 37/47 MP: 4/4
  1724 | D:3      | Reached skill level 5 in Fighting
  1957 | D:3      | Reached *** piety under Trog
  1999 | D:3      | Reached skill level 6 in Axes
  2151 | D:3      | You fall through a shaft for 3 floors!
  2151 | D:6      | Noticed a centaur
  2154 | D:6      | Noticed Edmund
  2159 | D:6      | Killed a centaur
  2159 | D:6      | Reached XP level 6. HP: 48/56 MP: 5/5
  2173 | D:6      | Killed Edmund
  2173 | D:6      | Reached skill level 5 in Armour
  2289 | D:6      | Noticed a sky beast
  2301 | D:6      | Reached skill level 7 in Axes
  2301 | D:6      | Reached XP level 7. HP: 55/61 MP: 6/6
  2678 | D:6      | Reached skill level 8 in Axes
  2938 | D:7      | Reached XP level 8. HP: 46/71 MP: 7/7
  3347 | D:7      | Noticed a gargoyle
  3361 | D:7      | Killed a gargoyle
  3361 | D:7      | Reached skill level 9 in Axes
  3863 | D:7      | Reached skill level 10 in Axes
  4203 | D:8      | Noticed a hippogriff
  4215 | D:8      | Killed a hippogriff
  4215 | D:8      | Reached XP level 9. HP: 72/81 MP: 8/8
  4285 | D:8      | Reached **** piety under Trog
  4664 | D:8      | Reached skill level 11 in Axes
  5013 | D:9      | Found a staircase to the Lair.
  5022 | Lair:1   | Entered Level 1 of the Lair of Beasts
  5099 | D:9      | Noticed a troll
  5112 | D:9      | Killed a troll
  5334 | D:9      | Reached skill level 12 in Axes
  5354 | D:9      | Noticed tbh1313's ghost (novice OgGl)
  5368 | D:9      | Killed tbh1313's ghost
  5368 | D:9      | Reached XP level 10. HP: 89/91 MP: 9/9
  6065 | D:10     | Entered Level 10 of the Dungeon
  6138 | D:10     | Reached skill level 13 in Axes
  6268 | D:10     | Reached ***** piety under Trog
  6268 | D:10     | Reached skill level 10 in Fighting
  6557 | D:10     | Reached skill level 10 in Armour
  7387 | Lair:1   | Noticed a six-headed hydra
  7388 | Lair:1   | Noticed a spiny frog
  7402 | Lair:1   | Killed a spiny frog
  7404 | Lair:1   | Killed a six-headed hydra
  7495 | Lair:1   | Reached XP level 11. HP: 90/101 MP: 10/10
  7536 | Lair:1   | Got a smoking ring mail
  7909 | Lair:2   | Got a faintly glowing garnet amulet
  7922 | Lair:2   | Noticed a five-headed hydra
  7954 | Lair:2   | HP: 4/102 [11-headed hydra (2)]
  7954 | Lair:2   | Mangled by an 11-headed hydra

Vault maps used:
D:1:      lemuel_arrival_funnel
D:6:      mrwooster_statue_mirror, corexii_corridor_pit, uniq_edmund
D:9:      lair_0_dummy, serial_bayou_pond_c
D:10:     lemuel_flame_loot_1
Lair:1:   serial_bayou_shore_b
Lair:2:   minmay_snake_entry_guardpost_medium, special_room,
          grunt_forest_large_clearing_hut, grunt_megastairs_5

Skill      XL: |  1  2  3  4  5  6  7  8  9 10 11 |
---------------+----------------------------------+-----
Armour         | 3 4 5 6 7 9 10 | 10.9
Axes           | 4 5 6 7 8 10 12 13 | 13.9
Fighting       | 4 5 6 7 9 10 11 | 11.1
Dodging        | |  2.1

Action                   |  1- 3 |  4- 6 |  7- 9 | 10-12 || total
-------------------------+-------+-------+-------+-------++-------
Melee: Hand axe          |    61 |   147 |   303 |   242 ||   753
       Headbutt          |    13 |    21 |    66 |    50 ||   150
Throw: Javelin           |       |       |     6 |     5 ||    11
Invok: Berserk           |     1 |     1 |     5 |     1 ||     8
       Brothers in Arms  |       |       |       |     2 ||     2
Evoke: Wand              |       |       |       |     7 ||     7
  Use: Scroll            |       |       |     5 |     3 ||     8
       Potion            |       |       |     1 |     2 ||     3
 Stab: Paralysed         |       |       |       |     4 ||     4
  Eat: Chunk             |     1 |     6 |    12 |    12 ||    31
       Beef jerky        |       |       |     1 |       ||     1
Armor: Animal skin       |     4 |       |       |       ||     4
       Chain mail        |    21 |    72 |   161 |   133 ||   387
Dodge: Dodged            |    27 |    53 |    97 |    85 ||   262
